 Dungeon Crawl Stone Soup version 0.31.0-9-g3a7656b989 (console) character file.

Game seed: 14798489374460194418

338 AlterAsc the Chopper (level 6, 0/47 HPs)
             Began as a Formicid Fighter on Jan 28, 2024.
             Was an Initiate of Okawaru.
             Slain by a gnoll
             ... wielding a +0 spear
             ... led by a gnoll bouda
              (5 damage)
             ... on level 5 of the Dungeon.
             The game lasted 00:04:50 (2820 turns).

AlterAsc the Chopper (Formicid Fighter)             Turns: 2820, Time: 00:04:51

Health: 0/47       AC: 11    Str: 22    XL:     6   Next: 86%
Magic:  7/7        EV:  6    Int:  8    God:    Okawaru [......]
Gold:   223        SH: 10    Dex: 13    Spells: 5/5 levels left

rFire   . . .        a - +0 war axe
rCold   . . .        c - +0 buckler
rNeg    . . .        s - +0 plate armour
rPois   .            (helmet unavailable)
rElec   .            (no cloak)
rCorr   .            (no gloves)
SInv    +            (no boots)
Will    .....        k - amulet of reflection Stlth
                     (no ring)
HPRegen 0.27/turn    (no ring)
MPRegen 0.10/turn

%: reflection
@: no status effects
A: permanent stasis, dig shafts and tunnels, antennae 3, four strong arms
a: Dig, Shaft Self, Renounce Religion


You were on level 5 of the Dungeon.
You worshipped Okawaru.
Okawaru was noncommittal.
You visited 2 branches of the dungeon, and saw 6 of its levels.

You collected 223 gold pieces.

Inventory:

Hand Weapons
 a - a +0 war axe (weapon)
Armour
 c - a +0 buckler (worn)
 m - a +0 chain mail
 s - a +0 plate armour (worn)
Jewellery
 k - an amulet of reflection (around neck)
Wands
 b - a wand of polymorph (11)
Scrolls
 g - 5 scrolls of teleportation {unknown}
 j - 2 scrolls of fog {unknown}
 l - 4 scrolls of revelation {unknown}
 n - 3 scrolls of identify {unknown}
 p - 2 scrolls of enchant armour {unknown}
 q - a scroll of amnesia {unknown}
 r - 3 scrolls of immolation {unknown}
 t - 2 scrolls of vulnerability {unknown}
Potions
 d - a potion of might
 e - a potion of cancellation {unknown}
 f - 3 potions of curing {unknown}
 h - a potion of invisibility {unknown}
 i - 2 potions of degeneration {unknown}
 o - a potion of attraction {unknown}


   Skills:
 - Level 3.2 Fighting
 + Level 6.4 Axes
 - Level 3.2 Armour
 - Level 4.0 Shields
 + Level 2.2 Invocations


You had 5 spell levels left.
You didn't know any spells.
Your spell library contained the following spells:

 Spells                   Type           Power      Damage    Failure   Level
 Freeze                   Ice            0%         1d3       100%        1
 Magic Dart               Conj           0%         1d3       100%        1
 Frozen Ramparts          Ice            0%         1d1       100%        3
 Hailstorm                Conj/Ice       0%         3d5       100%        3
 Blink                    Tloc           Unusable   N/A       N/A         2
 Call Imp                 Summ           Unusable   N/A       N/A         2

Dungeon Overview and Level Annotations

Branches:
Dungeon (5/15)             Temple (1/1) D:4

Altars:
Ashenzari
Cheibriados
Dithmenos
Fedhas
Gozag
Hepliaklqana
Kikubaaqudgha
Makhleb
Nemelex Xobeh
Okawaru
Ru
Sif Muna
Trog
Uskayaw
Vehumet
Wu Jian
Xom
Yredelemnul
Zin

Annotations:
Temple 2 transporters


Innate Abilities, Weirdness & Mutations

You cannot be hasted, slowed, berserked, paralysed or teleported.
You can dig through walls and to a lower floor.
You have a pair of large antennae on your head. (SInv)
Your four strong arms can wield two-handed weapons with a shield.


Message History

The gnoll is heavily wounded.
You block the gnoll's attack. The gnoll hits you but does no damage.
The gnoll hits you from afar with a +0 spear.
You barely miss the gnoll.
The gnoll is heavily wounded.
The gnoll hits you with a +0 flail.
The gnoll hits you but does no damage. x2; You block the gnoll's attack.
You hit the gnoll.
You kill the gnoll!
Okawaru accepts your kill.
Your attacks no longer feel as feeble.
The gnoll hits you but does no damage. You block the gnoll's attack. x2
The gnoll hits you from afar with a +0 spear.
You closely miss the gnoll. You block the gnoll's attack.
A centaur comes into view.
The gnoll hits you with a +0 whip. The gnoll barely misses you.
You block the gnoll's attack.
The centaur shouts!
You hit the gnoll.
The gnoll is moderately wounded.
The centaur wields a +0 orcbow.
The centaur shoots an arrow.
The arrow hits you! You block the gnoll's attack. x2
The centaur shoots an arrow.
The arrow hits you!
* * * LOW HITPOINT WARNING * * *
The gnoll hits you from afar with a +0 spear!
* * * LOW HITPOINT WARNING * * *
You are too injured to fight recklessly!
You are too injured to fight recklessly!
The gnoll attacks as it pursues you! The gnoll hits you but does no damage.
The gnoll attacks as it pursues you! You block the gnoll's attack.
The gnoll attacks as it pursues you! The gnoll barely misses you.
The gnoll attacks as it pursues you!
The gnoll hits you from afar with a +0 spear.
* * * LOW HITPOINT WARNING * * *
An iguana comes into view.
Press: ? - help, v - describe, . - travel The floor.
Are you sure you want to shaft yourself?
The iguana hisses angrily.
The gnoll is no longer moving quickly.
The gnoll closely misses you. The gnoll hits you but does no damage.
The iguana hisses menacingly.
You begin to dig a shaft.
You continue digging a shaft.
The gnoll hits you from afar with a +0 spear.
You die...

#####.### ........
....#.#### ,
#..#.##.#####...
#..#.##g@...l....
#######....##.#######..
#..........gg.....c....
#..........##..{....#
...........##.#<....#
...........##########
........?..+
...........#
...........#
.####.###### #.


You could see an iguana and 3 gnolls.

Vanquished Creatures
  A jelly (D:4)
  An orc priest (D:3)
  A gnoll bouda (D:5)
  2 sleepcaps (D:4)
  2 iguanas (D:4)
  A gnoll (D:5)
  4 adders
  2 dart slugs
  2 ribbon worms (D:2)
  3 orcs (D:3)
  8 endoplasms
  4 giant cockroaches
  5 goblins
  6 hobgoblins
  4 jackals (D:4)
  5 quokkas
  9 ball pythons
  13 bats
  5 frilled lizards
  9 kobolds
  5 rats
92 creatures vanquished.

Notes
Turn   | Place    | Note
-------+----------+-------------------------------------------
     0 | D:1      | AlterAsc the Formicid Fighter began the quest for the Orb.
     0 | D:1      | Reached XP level 1. HP: 18/18 MP: 1/1
   194 | D:1      | Reached XP level 2. HP: 24/24 MP: 2/2
   228 | D:1      | Reached skill level 3 in Axes
   463 | D:1      | Reached XP level 3. HP: 29/29 MP: 3/3
   956 | D:2      | Reached skill level 4 in Axes
   956 | D:2      | Reached XP level 4. HP: 28/35 MP: 4/4
  1454 | D:3      | Reached XP level 5. HP: 41/41 MP: 5/5
  1526 | D:3      | Found an opulent altar of Gozag.
  1590 | D:3      | Reached skill level 5 in Axes
  2018 | D:3      | Found a faded altar of an unknown god.
  2044 | D:3      | Found a burning altar of Makhleb.
  2328 | D:4      | Reached XP level 6. HP: 47/47 MP: 6/6
  2417 | D:4      | Reached skill level 6 in Axes
  2439 | D:4      | Found a sparkling altar of Nemelex Xobeh.
  2439 | D:4      | Found a hazy altar of Hepliaklqana.
  2479 | D:4      | Found a staircase to the Ecumenical Temple.
  2493 | Temple   | Found a transporter.
  2493 | Temple   | Found a transporter.
  2493 | Temple   | Found a transporter.
  2493 | Temple   | Found a transporter.
  2493 | Temple   | Entered the Ecumenical Temple
  2511 | Temple   | Became a worshipper of Warmaster Okawaru
  2601 | D:4      | Reached skill level 1 in Invocations
  2784 | D:5      | Entered Level 5 of the Dungeon
  2820 | D:5      | Slain by a gnoll

Illustrated notes

Levels and vault maps discovered:
D:1:      minmay_arrival_up_and_down, layout_loops_ring, hangedman_decor_push
D:2:      layout_basic
D:3:      minmay_chambers_of_threes, layout_basic, nicolae_gozag_seed_capital,
          lemuel_crystal_altar, hellmonk_ecumenical_altar_pennies_from_heaven,
          grunt_decor_one_mirror, feat_on_display
D:4:      layout_rooms, gammafunk_temple_overflow_elements,
          minmay_temple_entry_water_ring
D:5:      layout_basic, uniq_ijyb
Temple:   hellmonk_temple_divided_pantheon

Skill      XL: |  1  2  3  4  5  6 |
---------------+-------------------+-----
Axes           | 3 4 5 6 |  6.4
Invocations    | 2 |  2.2
Fighting       | |  3.2
Armour         | |  3.2
Shields        | |  4.0

Action                     |  1- 3 |  4- 6 || total
---------------------------+-------+-------++-------
  Melee: War axe           |    87 |   178 ||   265
Ability: Shaft Self        |       |     1 ||     1
 Armour: Scale mail        |    70 |    10 ||    80
         Chain mail        |       |    51 ||    51
         Plate armour      |       |    62 ||    62
  Dodge: Dodged            |    34 |    64 ||    98
  Block: Buckler           |    18 |   114 ||   132
         Reflection        |       |     3 ||     3
